General information
- name: BNet
- type: Ladder team game (AT/RT)
- host: Battle.net
- saver: Mata.
map: FullScaleAssault
- players: 8
- length: 23:09
- speed: Fast
- version: 1.24 W3XP
- replay type:

» download(173 KB)
Players
team 1 (winner)
fineX (
green | 105 APM | 2437 actions | 23:09)
5 Blademaster
3 Wind Walk
2 Critical Strike
4 Shadow Hunter
2 Hex
2 Healing Wave
» actions
| Assign group hotkey | 458 | |
| Basic commands | 2 | |
| Build / train | 52 | |
| Enter build submenu | 41 | |
| Enter hero's abilities submenu | 11 | |
| Give item / drop item | 2 | |
| Right click | 1241 | |
| Select / deselect | 179 | |
| Select group hotkey | 222 | |
| Use ability | 229 | |
2437 total
» units
| Peon | 16 | |
| Goblin Shredder | 1 | |
| Goblin Zeppelin | 1 | |
| Raider | 4 | |
22 total
» upgrades
| Spiked Barricades | 3 | |
| Ensnare | 1 | |
| Pillage | 1 | |
| Armor | 2 | |
| Melee Weapons | 1 | |
| Reinforced Defenses | 1 | |
9 total
» buildings
| Altar of Storms | 1 | |
| Orc Burrow | 2 | |
| War Mill | 1 | |
| Watch Tower | 27 | |
| Voodoo Lounge | 1 | |
| Stronghold | 1 | |
| Beastiary | 2 | |
| Great Hall | 2 | |
| Fortress | 1 | |
38 total
» build order
00:03 Altar of Storms
00:04 Orc Burrow
00:36 War Mill
01:57 Watch Tower
02:13 Watch Tower
03:08 Watch Tower
03:25 Watch Tower
03:29 Voodoo Lounge
04:48 Watch Tower
04:48 Watch Tower
04:52 Stronghold
04:55 Orc Burrow
05:07 Watch Tower
06:09 Watch Tower
06:11 Watch Tower
06:16 Watch Tower
06:21 Watch Tower
06:43 Watch Tower
07:16 Beastiary
07:18 Beastiary
07:59 Watch Tower
08:00 Watch Tower
09:03 Great Hall
09:27 Watch Tower
09:28 Watch Tower
10:48 Watch Tower
10:48 Watch Tower
15:20 Great Hall
15:28 Watch Tower
15:28 Watch Tower
15:30 Watch Tower
15:33 Watch Tower
16:43 Watch Tower
16:44 Watch Tower
16:45 Watch Tower
16:45 Watch Tower
16:47 Watch Tower
17:17 Fortress
» items
| Lesser Clarity Potion | 2 | |
| Healing Salve | 2 | |
| Orb of Lightning | 1 | |
| Potion of Mana | 1 | |
| Potion of Healing | 1 | |
7 total
lil_dog (
purple | 57 APM | 1324 actions | 23:09)
3 Archmage
2 Blizzard
1 Brilliance Aura
2 Paladin
1 Holy Light
1 Divine Shield
2 Blood Mage
1 Flame Strike
1 Siphon Mana
» actions
| Assign group hotkey | 4 | |
| Basic commands | 4 | |
| Build / train | 88 | |
| Enter build submenu | 68 | |
| Enter hero's abilities submenu | 8 | |
| Right click | 608 | |
| Select / deselect | 409 | |
| Select group hotkey | 8 | |
| Use ability | 127 | |
1324 total
» units
| Peasant | 17 | |
| Priest | 1 | |
| Sorceress | 1 | |
| Goblin Shredder | 1 | |
20 total
» upgrades
| Masonry | 3 | |
| Lumber Harvesting | 2 | |
| Magic Sentry | 1 | |
| Priest Training | 2 | |
| Sorceress Training | 1 | |
9 total
» buildings
| Altar of Kings | 1 | |
| Farm | 4 | |
| Lumber Mill | 2 | |
| Scout Tower | 49 | |
| Arcane Tower | 6 | |
| Guard Tower | 31 | |
| Keep | 1 | |
| Town Hall | 1 | |
| Arcane Sanctum | 1 | |
| Arcane Vault | 1 | |
| Castle | 1 | |
98 total
» build order
00:07 Altar of Kings
00:19 Farm
00:19 Farm
00:33 Lumber Mill
01:31 Scout Tower
01:32 Scout Tower
01:52 Arcane Tower
01:53 Scout Tower
01:55 Scout Tower
01:56 Scout Tower
02:05 Scout Tower
02:21 Guard Tower
02:22 Scout Tower
02:23 Scout Tower
02:26 Guard Tower
02:34 Scout Tower
02:48 Scout Tower
02:49 Guard Tower
02:50 Scout Tower
02:56 Arcane Tower
02:58 Scout Tower
03:10 Guard Tower
03:11 Scout Tower
03:21 Scout Tower
03:21 Guard Tower
03:22 Guard Tower
03:27 Scout Tower
03:31 Arcane Tower
03:38 Guard Tower
03:47 Guard Tower
03:57 Guard Tower
04:36 Scout Tower
04:50 Keep
04:59 Scout Tower
05:00 Scout Tower
05:03 Scout Tower
05:07 Guard Tower
05:08 Scout Tower
05:11 Scout Tower
05:14 Scout Tower
05:15 Scout Tower
05:17 Scout Tower
05:21 Scout Tower
05:22 Scout Tower
05:38 Guard Tower
05:40 Guard Tower
05:40 Guard Tower
06:21 Town Hall
06:26 Guard Tower
06:26 Guard Tower
06:27 Guard Tower
06:27 Guard Tower
06:29 Guard Tower
06:34 Scout Tower
06:36 Scout Tower
06:44 Farm
06:46 Farm
06:50 Guard Tower
07:06 Guard Tower
07:45 Scout Tower
07:46 Scout Tower
07:49 Scout Tower
07:54 Scout Tower
08:20 Guard Tower
08:39 Arcane Sanctum
08:55 Guard Tower
08:57 Guard Tower
09:13 Guard Tower
09:14 Guard Tower
09:52 Arcane Vault
10:27 Scout Tower
10:29 Scout Tower
10:31 Scout Tower
10:32 Guard Tower
11:09 Guard Tower
11:18 Scout Tower
11:19 Scout Tower
11:20 Scout Tower
11:20 Scout Tower
11:57 Guard Tower
12:13 Castle
12:17 Guard Tower
13:20 Scout Tower
13:23 Scout Tower
13:35 Scout Tower
13:36 Scout Tower
13:54 Arcane Tower
14:58 Lumber Mill
15:09 Guard Tower
15:16 Scout Tower
16:10 Guard Tower
19:39 Scout Tower
19:40 Scout Tower
20:43 Arcane Tower
20:44 Scout Tower
20:57 Scout Tower
20:59 Scout Tower
21:14 Arcane Tower
» items
| Healing Salve | 1 | |
| Lesser Clarity Potion | 3 | |
| Potion of Mana | 1 | |
| Boots of Speed | 3 | |
| Staff of Teleportation | 2 | |
10 total

»
Mata. (
pink | 89 APM | 2071 actions | 23:09)
4 Blademaster
2 Wind Walk
2 Critical Strike
» actions
| Assign group hotkey | 84 | |
| Basic commands | 4 | |
| Build / train | 91 | |
| Enter build submenu | 83 | |
| Enter hero's abilities submenu | 5 | |
| Right click | 1091 | |
| Select / deselect | 551 | |
| Use ability | 162 | |
2071 total
» units
| Peon | 47 | |
| Goblin Zeppelin | 6 | |
| Goblin Sapper | 5 | |
| Goblin Shredder | 1 | |
| Shaman | 1 | |
| Troll Witch Doctor | 1 | |
61 total
» upgrades
| Spiked Barricades | 2 | |
| Witch Doctor Training | 2 | |
| Shaman Training | 2 | |
| Reinforced Defenses | 1 | |
7 total
» buildings
| Altar of Storms | 1 | |
| Orc Burrow | 3 | |
| War Mill | 1 | |
| Watch Tower | 51 | |
| Stronghold | 2 | |
| Beastiary | 1 | |
| Spirit Lodge | 2 | |
| Great Hall | 5 | |
| Fortress | 2 | |
| Voodoo Lounge | 4 | |
72 total
» build order
00:05 Altar of Storms
00:17 Orc Burrow
00:48 War Mill
02:03 Watch Tower
02:07 Watch Tower
02:23 Orc Burrow
03:18 Watch Tower
03:19 Watch Tower
03:20 Watch Tower
04:36 Stronghold
04:36 Stronghold
04:42 Watch Tower
04:43 Watch Tower
04:45 Watch Tower
05:45 Watch Tower
05:49 Watch Tower
05:50 Watch Tower
06:49 Orc Burrow
07:01 Beastiary
07:06 Spirit Lodge
07:12 Spirit Lodge
09:19 Great Hall
09:31 Watch Tower
10:45 Great Hall
10:47 Watch Tower
10:48 Watch Tower
11:01 Watch Tower
12:23 Watch Tower
12:23 Watch Tower
12:26 Fortress
12:27 Fortress
13:03 Great Hall
13:06 Great Hall
13:25 Watch Tower
13:33 Watch Tower
13:35 Watch Tower
13:53 Watch Tower
14:32 Great Hall
14:46 Watch Tower
15:20 Watch Tower
15:21 Watch Tower
15:45 Watch Tower
16:44 Watch Tower
16:45 Watch Tower
16:50 Watch Tower
16:51 Watch Tower
16:53 Watch Tower
17:26 Voodoo Lounge
17:36 Watch Tower
17:58 Voodoo Lounge
18:08 Voodoo Lounge
18:08 Watch Tower
18:20 Watch Tower
18:48 Watch Tower
18:48 Watch Tower
19:41 Watch Tower
19:41 Watch Tower
19:44 Watch Tower
20:06 Watch Tower
20:55 Watch Tower
20:56 Watch Tower
20:57 Watch Tower
20:57 Watch Tower
21:19 Watch Tower
21:20 Watch Tower
21:30 Watch Tower
21:32 Watch Tower
21:34 Watch Tower
21:36 Watch Tower
21:47 Watch Tower
22:24 Watch Tower
22:53 Voodoo Lounge
» items
| Scroll of Town Portal | 1 | |
| Orb of Lightning | 1 | |
| Tiny Great Hall | 1 | |
3 total
nonent (
blue | 79 APM | 1830 actions | 23:09)
6 Blademaster
3 Wind Walk
2 Critical Strike
1 Bladestorm
» actions
| Assign group hotkey | 9 | |
| Build / train | 62 | |
| Enter build submenu | 20 | |
| Enter hero's abilities submenu | 6 | |
| Give item / drop item | 8 | |
| Remove unit from queue | 1 | |
| Right click | 698 | |
| Select / deselect | 144 | |
| Select group hotkey | 757 | |
| Use ability | 125 | |
1830 total
» units
» upgrades
| Armor | 3 | |
| Liquid Fire | 1 | |
| Ranged Weapons | 3 | |
7 total
» buildings
| Altar of Storms | 1 | |
| Orc Burrow | 4 | |
| War Mill | 1 | |
| Voodoo Lounge | 1 | |
| Stronghold | 1 | |
| Watch Tower | 15 | |
| Beastiary | 3 | |
| Fortress | 1 | |
| Great Hall | 1 | |
28 total
» build order
00:17 Altar of Storms
00:28 Orc Burrow
00:51 War Mill
01:22 Orc Burrow
01:58 Voodoo Lounge
04:46 Stronghold
05:03 Watch Tower
05:13 Watch Tower
05:26 Watch Tower
05:41 Watch Tower
05:55 Watch Tower
05:56 Watch Tower
06:15 Orc Burrow
07:13 Orc Burrow
07:22 Beastiary
07:24 Beastiary
07:42 Beastiary
07:51 Fortress
14:42 Great Hall
15:22 Watch Tower
15:23 Watch Tower
15:23 Watch Tower
15:24 Watch Tower
15:25 Watch Tower
15:26 Watch Tower
15:28 Watch Tower
15:29 Watch Tower
15:30 Watch Tower
» items
| Healing Salve | 6 | |
| Lesser Clarity Potion | 7 | |
| Potion of Healing | 2 | |
| Staff of Teleportation | 1 | |
| Circlet of Nobility | 1 | |
| Orb of Lightning | 1 | |
18 total
team 2 (loser)
13ryce (
teal | 46 APM | 1071 actions | 23:08)
3 Shadow Hunter
1 Serpent Ward
2 Healing Wave
» actions
| Assign group hotkey | 1 | |
| Basic commands | 3 | |
| Build / train | 52 | |
| Enter build submenu | 26 | |
| Enter hero's abilities submenu | 3 | |
| Remove unit from queue | 2 | |
| Right click | 621 | |
| Select / deselect | 303 | |
| Use ability | 60 | |
1071 total
» units
| Peon | 8 | |
| Grunt | 7 | |
| Troll Batrider | 17 | |
| Blue Drake | 1 | |
33 total
» upgrades
| Ranged Weapons | 3 | |
| Liquid Fire | 1 | |
| Armor | 1 | |
5 total
» buildings
| Altar of Storms | 1 | |
| Orc Burrow | 8 | |
| Barracks | 1 | |
| Voodoo Lounge | 1 | |
| Stronghold | 1 | |
| War Mill | 1 | |
| Beastiary | 4 | |
| Fortress | 1 | |
| Great Hall | 1 | |
| Spirit Lodge | 1 | |
20 total
» build order
00:04 Altar of Storms
00:06 Orc Burrow
01:04 Barracks
01:17 Voodoo Lounge
01:40 Orc Burrow
02:53 Orc Burrow
03:33 Stronghold
05:40 War Mill
06:59 Beastiary
07:01 Beastiary
08:14 Fortress
10:10 Orc Burrow
10:12 Orc Burrow
11:27 Orc Burrow
11:48 Orc Burrow
15:48 Beastiary
16:45 Beastiary
17:18 Orc Burrow
20:27 Great Hall
21:35 Spirit Lodge
» items
| Healing Salve | 2 | |
| Lesser Clarity Potion | 2 | |
| Scroll of Speed | 2 | |
6 total
austinkool (
yellow | 28 APM | 609 actions | 21:41)
5 Shadow Hunter
2 Serpent Ward
3 Healing Wave
» actions
| Build / train | 38 | |
| Enter build submenu | 13 | |
| Enter hero's abilities submenu | 5 | |
| Give item / drop item | 5 | |
| Right click | 277 | |
| Select / deselect | 231 | |
| Use ability | 40 | |
609 total
» units
| Peon | 6 | |
| Grunt | 9 | |
| Demolisher | 7 | |
| Blue Drake | 1 | |
| Blue Dragon Whelp | 2 | |
| Goblin Zeppelin | 1 | |
| Blue Dragon | 1 | |
27 total
» upgrades
| Ranged Weapons | 2 | |
| Burning Oil | 1 | |
3 total
» buildings
| Barracks | 2 | |
| Orc Burrow | 8 | |
| Altar of Storms | 1 | |
| Stronghold | 1 | |
| War Mill | 1 | |
| Fortress | 1 | |
| Beastiary | 1 | |
15 total
» build order
00:06 Barracks
00:27 Orc Burrow
01:13 Altar of Storms
01:25 Orc Burrow
02:26 Orc Burrow
04:05 Orc Burrow
04:54 Stronghold
05:16 War Mill
07:04 Barracks
09:55 Fortress
10:32 Orc Burrow
11:25 Orc Burrow
14:22 Orc Burrow
14:59 Orc Burrow
18:20 Beastiary
Bolero (
red | 51 APM | 1174 actions | 23:03)
2 Shadow Hunter
1 Serpent Ward
1 Healing Wave
1 Far Seer
1 Far Sight
» actions
| Assign group hotkey | 27 | |
| Basic commands | 22 | |
| Build / train | 45 | |
| Enter build submenu | 23 | |
| Enter hero's abilities submenu | 3 | |
| Remove unit from queue | 2 | |
| Right click | 616 | |
| Select / deselect | 214 | |
| Select group hotkey | 143 | |
| Use ability | 79 | |
1174 total
» units
» upgrades
| Berserker Strength | 1 | |
| Armor | 2 | |
| Ranged Weapons | 2 | |
| Burning Oil | 1 | |
| Reinforced Defenses | 1 | |
7 total
» buildings
| Altar of Storms | 1 | |
| Orc Burrow | 8 | |
| Barracks | 2 | |
| Stronghold | 1 | |
| War Mill | 1 | |
| Fortress | 2 | |
| Watch Tower | 12 | |
| Voodoo Lounge | 1 | |
28 total
» build order
00:08 Altar of Storms
00:11 Orc Burrow
01:08 Barracks
01:43 Orc Burrow
01:48 Orc Burrow
02:00 Orc Burrow
03:29 Stronghold
04:55 War Mill
05:40 Orc Burrow
06:01 Barracks
07:12 Orc Burrow
08:22 Fortress
08:22 Fortress
14:36 Watch Tower
14:41 Watch Tower
14:44 Watch Tower
14:45 Watch Tower
14:48 Watch Tower
14:50 Watch Tower
16:49 Orc Burrow
17:55 Orc Burrow
18:32 Voodoo Lounge
20:15 Watch Tower
20:44 Watch Tower
20:47 Watch Tower
21:26 Watch Tower
21:33 Watch Tower
21:34 Watch Tower
» items
The_Coach (
orange | 44 APM | 1023 actions | 23:05)
4 Shadow Hunter
1 Serpent Ward
2 Healing Wave
1 Hex
» actions
| Assign group hotkey | 19 | |
| Build / train | 60 | |
| ESC pressed | 2 | |
| Enter build submenu | 16 | |
| Enter hero's abilities submenu | 4 | |
| Right click | 567 | |
| Select / deselect | 270 | |
| Select group hotkey | 15 | |
| Use ability | 69 | |
1023 total
» units
| Peon | 7 | |
| Grunt | 6 | |
| Troll Headhunter/Berserker | 13 | |
| Troll Batrider | 13 | |
| Goblin Zeppelin | 1 | |
| Blue Drake | 1 | |
| Blue Dragon Whelp | 1 | |
| Raider | 1 | |
43 total
» upgrades
| Ranged Weapons | 3 | |
| Troll Regeneration | 1 | |
| Berserker Upgrade | 1 | |
| Liquid Fire | 1 | |
| Armor | 1 | |
| Melee Weapons | 1 | |
8 total
» buildings
| Barracks | 2 | |
| Altar of Storms | 1 | |
| Orc Burrow | 5 | |
| War Mill | 1 | |
| Stronghold | 1 | |
| Fortress | 1 | |
| Beastiary | 2 | |
| Voodoo Lounge | 1 | |
| Watch Tower | 1 | |
15 total
» build order
00:12 Barracks
00:16 Altar of Storms
00:28 Orc Burrow
01:49 Orc Burrow
02:20 War Mill
02:49 Orc Burrow
04:28 Stronghold
04:49 Barracks
06:27 Orc Burrow
08:49 Fortress
09:20 Beastiary
10:44 Voodoo Lounge
12:47 Beastiary
13:27 Orc Burrow
21:45 Watch Tower
Chat log
(00:40 / All) lil_dog: greetings from brasil =)
(01:05 / All) austinkool: Hola
(02:04 / All) austinkool: mmmm corndogs and PBAJ
(02:08 / All) austinkool: good combo
(02:11 / All) fineX: word.
(02:15 / All) lil_dog: what means>/
(02:23 / All) fineX: lild og is from brasil
(02:25 / All) fineX: dont mind him
(02:31 / All) fineX: hes not very good english
(02:32 / All) lil_dog: O.o
(02:36 / All) 13ryce: NO
(02:37 / All) fineX: jajajajajaja
(02:38 / All) 13ryce: SPEKKEIN
(02:39 / All) 13ryce: SPAMSN
(02:41 / All) 13ryce: MUY BIEN
(02:41 / All) austinkool: jajaja haha
(02:42 / All) austinkool: lame
(02:45 / All) lil_dog: and u know better... u wish :p
(02:54 / All) austinkool: they don't speak spanish there bruce
(03:17 / All) 13ryce: DO IT
(03:18 / All) 13ryce: I DARE YOU
(04:23 / All) nonent: gg
(06:38 / All) austinkool: D
(06:39 / All) austinkool: D
(06:39 / All) austinkool: D
(08:43 / All) austinkool: yes
(21:44 / All) Mata.: gg!
(21:46 / All) The_Coach: WTF
(21:46 / All) fineX: dont leave plz
(21:49 / All) fineX: your a gay nigger plz
(22:25 / All) fineX: leave plz
(22:26 / All) fineX: U suzx
(23:02 / All) fineX: umm
(23:04 / All) fineX: u ded
(23:05 / All) fineX: ...
(23:07 / All) nonent: why u still here
(23:08 / All) nonent: bai